 Dungeon Crawl Stone Soup version 0.18-a0-867-gfd1cc8f (webtiles) character file.

6190 Raultor the Martial Artist (level 10, -1/86 HPs)
             Began as a Mottled Draconian Transmuter on Dec 21, 2015.
             Was a Believer of Ashenzari.
             Killed from afar by a deep elf knight (6 damage)
             ... with a shard of ice
             ... on level 9 of the Dungeon.
             The game lasted 00:35:19 (11677 turns).

Raultor the Martial Artist (DrTm)                  Turns: 11677, Time: 00:35:19

Health: -1/86      AC: 12    Str: 13    XL:     10   Next: 60%
Magic:  7/13       EV: 16    Int: 14    God:    Ashenzari [**....]
Gold:   496        SH:  0    Dex: 14    Spells: 3 memorised, 5 levels left

rFire  . . .     SeeInvis .       - Unarmed
rCold  . . .     Gourm    .     (armour unavailable)
rNeg   . . .     Faith    .     (no shield)
rPois  .         Spirit   .     (helmet restricted)
rElec  .         Dismiss  .     s - +0 cloak (curse)
rCorr  .         Reflect  .     C - +0 pair of gloves (curse)
SustAt .         Harm     .     o - +0 pair of boots (curse)
MR     .....                    (no amulet)
Stlth  ..........               l - ring of loudness {Stlth-}
                                f - +2 ring of protection (curse)

@: not resistant to hostile enchantments, extremely unstealthy
A: breathe sticky flame splash, unfitting armour, cold-blooded, AC +7
a: Breathe Sticky Flame, Scrying, Renounce Religion


You were on level 9 of the Dungeon.
You worshipped Ashenzari.
Ashenzari was pleased with you.
You were very hungry.

You visited 2 branches of the dungeon, and saw 10 of its levels.

You collected 496 gold pieces.

Inventory:

Missiles
 a - 142 arrows
Armour
 o - a cursed +0 pair of boots (worn)
   (You found it on level 2 of the Dungeon)
 s - a cursed +0 cloak (worn)
   (You found it on level 3 of the Dungeon)
 C - a cursed +0 pair of gloves (worn)
   (You found it on level 3 of the Dungeon)
Jewellery
 f - a cursed +2 ring of protection (left hand)
   (You found it on level 1 of the Dungeon)
 l - a ring of loudness (right hand) {Stlth-}
   (You found it on level 1 of the Dungeon)
 t - an uncursed ring of stealth {Stlth+}
   (You found it on level 2 of the Dungeon)
Wands
 n - a wand of disintegration (11/24)
   (You found it on level 5 of the Dungeon)
 L - a wand of fire (6/15)
   (You found it on level 6 of the Dungeon)
 N - a wand of fireball (6/15)
   (You found it on level 6 of the Dungeon)
Scrolls
 d - 4 scrolls of amnesia {unknown}
 e - 6 scrolls of enchant armour {unknown}
 g - 4 scrolls of identify
 h - 6 scrolls of enchant weapon {unknown}
 k - 7 scrolls of teleportation {unknown}
 p - a scroll of recharging {unknown}
 w - a scroll of random uselessness {unknown}
 y - a scroll of noise {unknown}
 D - 5 scrolls of curse weapon
 G - a scroll of fog {unknown}
 J - 3 scrolls of remove curse
Potions
 m - a potion of lignification {!q}
 r - a potion of cure mutation {unknown}
 u - 4 potions of curing
 v - a potion of magic
 x - 2 potions of haste
 A - a potion of invisibility
 B - a potion of resistance
 F - a potion of flight
 K - 2 potions of beneficial mutation {unknown}
 P - a potion of berserk rage {!q}
 Q - a potion of heal wounds
 R - a potion of mutation {unknown}
Books
 b - a book of Changes
 H - the Compendium of Spatial Black Arts
   (You found it on level 4 of the Dungeon)

   Spells                             Type                      Level
   a - Regeneration                   Charms/Necromancy            3
   b - Vampiric Draining              Necromancy                   3
   c - Force Lance                    Conjuration/Translocation    4
   d - Cigotuvi's Embrace             Necromancy                   5
   e - Summon Forest                  Summoning/Translocation      5
 I - a Fen Folio
   (You found it on level 4 of the Dungeon)
 O - a book of Alchemy
   (You found it on level 6 of the Dungeon)
Comestibles
 c - 6 bread rations {@e1}
 i - 5 meat rations {@e2}
 j - 10 royal jellies
 z - 15 fruits
 E - 5 beef jerkies
 M - a slice of pizza


   Skills:
 + Level 7.2 Fighting
 + Level 6.2(7.7) Dodging
 * Level 10.2 Unarmed Combat
 - Level 2.0 Spellcasting
 * Level 9.2 Transmutations


You had 5 spell levels left.
You knew the following spells:

 Your Spells              Type           Power        Failure   Level  Hunger
a - Beastly Appendage     Trmt           ####..       1%          1    ##.....
s - Sticks to Snakes      Trmt           ####....     1%          2    ###....
x - Blade Hands           Trmt           ####......   17%         5    ######.


Dungeon Overview and Level Annotations

Branches:
Dungeon (9/15)             Temple (1/1) D:4
   Lair: D:8-11         Orc: D:9-12

Altars:
Ashenzari
Cheibriados
Dithmenos
Elyvilon
Fedhas
Gozag
Kikubaaqudgha
Makhleb
Nemelex Xobeh
Okawaru
Pakellas
Qazlal
Sif Muna
Trog
Vehumet
Xom
Yredelemnul
Zin
The Shining One

Shops:
D:9 (


Innate Abilities, Weirdness & Mutations

You can spit globs of burning liquid.
You can ignite nearby creatures when you spit burning liquid.
Your weird mottled scales are hard (AC +7).
Your body does not fit into most forms of armour.
You are cold-blooded and may be slowed by cold attacks.


Message History

You closely miss the orc warrior. Your punch misses the orc warrior.
Your ball python bites the orc warrior but does no damage.
Your ball python grabs the orc warrior.
Your ball python constricts the orc warrior.
The orc warrior hits you with a falchion!
You take 12 damage, and have 43/86 hp.
Casting: Sticks to Snakes Your hands turn into razor-sharp scythe blades.
Your cursed +0 pair of gloves melds into your body.
The orc warrior blocks your ball python's attack.
Your ball python bites the orc warrior but does no damage.
Your ball python constricts the orc warrior.
The orc warrior completely misses you.
You now have 4/13 mp.
You slash the orc warrior!
Your ball python bites the orc warrior but does no damage.
Your ball python bites the orc warrior.
Your ball python constricts the orc warrior.
A gnoll sergeant comes into view. It is wielding a trident.
You slash the orc warrior! The orc warrior completely misses you.
Your ball python bites the orc warrior but does no damage.
Your ball python constricts the orc warrior.
Your ball python bites the orc warrior but does no damage.
You are feeling very hungry.
The orc warrior blocks your attack.
The orc warrior blocks your ball python's attack.
Your ball python bites the orc warrior.
Your ball python constricts the orc warrior.
The orc warrior hits you with a falchion!
You take 9 damage, and have 35/86 hp.
You hit the orc warrior but do no damage.
The orc warrior blocks your attack.
The gnoll sergeant hits you but does no damage.
Your ball python bites the orc warrior but does no damage. x2
Your ball python constricts the orc warrior.
The orc warrior barely misses you. The orc warrior blocks your attack.
Your ball python bites the orc warrior but does no damage.
Your ball python constricts the orc warrior.
The orc warrior blocks your ball python's attack.
The gnoll sergeant completely misses you.
The orc warrior barely misses your ball python.
You catch the helpless orc warrior momentarily off-guard.
You slice the orc warrior!!
You kill the orc warrior!
Your ball python bites the gnoll sergeant but does no damage.
The gnoll sergeant blocks your ball python's attack.
The gnoll sergeant closely misses you.
A gnoll sergeant and a deep elf knight come into view.
Your ball python barely misses the gnoll sergeant.
Your ball python grabs the gnoll sergeant.
Your ball python constricts the gnoll sergeant.
Your ball python bites the gnoll sergeant but does no damage.
The gnoll sergeant hits you from afar with a trident!
You take 10 damage, and have 26/86 hp.
Your ball python bites the gnoll sergeant but does no damage.
Your ball python constricts the gnoll sergeant.
Your ball python bites the gnoll sergeant but does no damage. x2
Your ball python constricts the gnoll sergeant.
The gnoll sergeant completely misses your ball python.
Your ball python bites the gnoll sergeant but does no damage.
The gnoll sergeant blocks your ball python's attack.
Your ball python constricts the gnoll sergeant.
Your ball python bites the gnoll sergeant but does no damage.
Your hands revert to their normal proportions.
Your cursed +0 pair of gloves unmelds from your body.
The gnoll sergeant closely misses your ball python.
Your ball python bites the gnoll sergeant but does no damage.
Your ball python constricts the gnoll sergeant.
Your ball python bites the gnoll sergeant but does no damage.
The deep elf knight hits your ball python with a rapier!
Your ball python dies!
Your ball python bites the gnoll sergeant but does no damage.
Your ball python grabs the gnoll sergeant.
Your ball python constricts the gnoll sergeant.
The gnoll sergeant struggles to escape constriction.
Your ball python bites the gnoll sergeant but does no damage.
Your ball python constricts the gnoll sergeant.
Your ball python bites the gnoll sergeant but does no damage.
Your ball python constricts the gnoll sergeant.
The gnoll sergeant struggles to escape constriction.
Your ball python bites the gnoll sergeant.
Your ball python constricts the gnoll sergeant.
Something blocks your ball python's attack.
Your ball python constricts something.
Something blocks your ball python's attack.
Your ball python grabs something.
Your ball python constricts something.
The deep elf knight gestures wildly while chanting.
The deep elf knight flickers and vanishes!
Deactivating autopickup; reactivate with Ctrl-A.
You hear some strange, mumbled words.
A shard of ice appears from out of thin air!
The shard of ice hits you!
* * * LOW HITPOINT WARNING * * *
You take 24 damage, and have 4/86 hp.
MASSIVE DAMAGE!!
You hear some strange, mumbled words.
A shard of ice appears from out of thin air!
The shard of ice hits you!
You die...

.. #....#** #..##.########..#....
..##.!..+ ,*#..#............#..##
...S....# , #..#............#####
...g....#####..#............#....
...g.e..g...#..'............#..##
....##+#..{.'..#.)<.........##.#
#.###, #....#..#.......∩.....#.##
...# , #....####@......[[....#...
...#, ,#....{.....###'###.#..#.[#
...+ ,#.....................####
#.## *#...........###.###.......
...# ,#...........#.....#.....'.
...# #...........#.....#.....#.
...# #....#+###....>.........#.
...# #....'...'..#.....#.....#.


There were no monsters in sight!

Vanquished Creatures
  Erolcha (D:8)
  Sigmund (D:6)
  Eustachio (D:4)
  3 hippogriffs
  Grum (D:8)
  A soldier ant (D:8)
  A hungry ghost (D:8)
  2 wolves (D:8)
  A water moccasin (D:8)
  A wasp (D:8)
  An ice beast (D:8)
  6 orc warriors
  2 sky beasts
  3 ogres
  5 phantoms
  A necrophage (D:5)
  A black bear (D:7)
  3 centaurs
  2 giant frogs
  Dowan (D:3)
  A water moccasin skeleton (D:7)
  3 killer bees (D:9)
  4 wights
  2 crimson imps
  5 hounds
  A centaur zombie (D:7)
  5 giant frog skeletons
  7 orc priests
  2 jellies (D:7)
  Terence (D:2)
  Jessica (D:3)
  An iguana (D:8)
  7 worker ants
  8 orc wizards
  3 hound zombies
  3 worker ant zombies
  Robin (D:3)
  14 adders
  2 shadow imps
  An ooze (D:3)
  3 worms
  32 orcs
  9 giant cockroaches
  19 goblins
  7 hobgoblins
  3 jackals (D:1)
  7 kobolds
  5 quokkas
  2 ball pythons
  7 bats
  6 giant geckos
  10 giant newts
  A jackal skeleton (D:6)
  13 rats
234 creatures vanquished.

Vanquished Creatures (collateral kills)
  Duvessa (D:4)
  Ijyb (D:2)
2 creatures vanquished.

Vanquished Creatures (others)
  A quokka (D:8)
1 creature vanquished.

Grand Total: 237 creatures vanquished

Notes
Turn   | Place    | Note
--------------------------------------------------------------
     0 | D:1      | Raultor the Draconian Transmuter began the quest for the Orb.
     0 | D:1      | Reached XP level 1. HP: 16/16 MP: 3/3
    52 | D:1      | Reached skill level 2 in Dodging
    97 | D:1      | Reached XP level 2. HP: 21/23 MP: 5/5
   528 | D:1      | Learned a level 2 spell: Sticks to Snakes
   862 | D:1      | Reached XP level 3. HP: 29/29 MP: 6/6
  1049 | D:2      | Found a glowing golden altar of the Shining One.
  1074 | D:2      | Noticed Ijyb
  1085 | D:2      | Killed Ijyb
  1278 | D:2      | Reached XP level 4. HP: 22/36 MP: 7/7
  1381 | D:2      | Reached skill level 4 in Unarmed Combat
  1741 | D:2      | Found a deep blue altar of Sif Muna.
  1755 | D:2      | Reached skill level 2 in Fighting
  1765 | D:2      | Noticed Terence
  1782 | D:2      | Killed Terence
  2019 | D:3      | Reached skill level 3 in Transmutations
  2019 | D:3      | Reached XP level 5. HP: 38/42 MP: 6/8
  2150 | D:3      | Found an opulent altar of Gozag.
  2188 | D:3      | Noticed Robin
  2216 | D:3      | Killed Robin
  2332 | D:3      | Found an opulent altar of Gozag.
  2435 | D:3      | Noticed Jessica
  2443 | D:3      | Killed Jessica
  2706 | D:3      | Learned a level 5 spell: Blade Hands
  3005 | D:4      | Reached XP level 6. HP: 50/50 MP: 9/9
  3011 | D:4      | Noticed Eustachio
  3094 | D:4      | Reached skill level 3 in Dodging
  3094 | D:4      | Reached skill level 5 in Unarmed Combat
  3101 | D:4      | HP: 10/50 [something/magic dart (7)]
  3113 | D:4      | Reached skill level 3 in Fighting
  3152 | D:4      | Found a shadowy altar of Dithmenos.
  3498 | D:4      | Identified the Compendium of Spatial Black Arts
  3543 | D:4      | Your scales start taking on a weird mottled colour.
  3543 | D:4      | Reached XP level 7. HP: 41/57 MP: 8/10
  3583 | D:4      | Killed Eustachio
  3583 | D:4      | Reached skill level 6 in Unarmed Combat
  3583 | D:4      | Reached skill level 4 in Transmutations
  3880 | D:4      | Noticed Duvessa
  3896 | D:4      | Noticed Dowan
  3902 | D:4      | Killed Duvessa
  3902 | D:4      | Reached skill level 4 in Fighting
  3904 | D:4      | HP: 14/59 [Dowan/dagger of venom (1)]
  3911 | D:3      | HP: 12/59 [poisoned by Dowan]
  3918 | D:3      | HP: 11/59 [poisoned by Dowan]
  3926 | D:3      | HP: 10/59 [poisoned by Dowan]
  4189 | D:3      | Killed Dowan
  4215 | D:3      | HP: 14/59 [poisoned by Dowan]
  4222 | D:3      | HP: 14/59 [poisoned by Dowan]
  4230 | D:3      | HP: 13/59 [poisoned by Dowan]
  4581 | D:4      | Found a staircase to the Ecumenical Temple.
  4591 | Temple   | Entered the Ecumenical Temple
  4688 | Temple   | Became a worshipper of Ashenzari the Shackled
  4927 | D:5      | Entered Level 5 of the Dungeon
  5215 | D:5      | Reached skill level 4 in Dodging
  5215 | D:5      | Reached skill level 5 in Transmutations
  5215 | D:5      | Reached XP level 8. HP: 58/67 MP: 11/11
  5271 | D:5      | HP: 12/67 [centaur/arrow (8)]
  5279 | D:5      | HP: 6/67 [orc/club (5)]
  5820 | D:5      | Found a deep blue altar of Sif Muna.
  6326 | D:6      | Found a bloodstained altar of Trog.
  6343 | D:6      | Reached skill level 7 in Unarmed Combat
  6512 | D:6      | Found a stormy altar of Qazlal.
  6513 | D:6      | Reached * piety under Ashenzari
  6737 | D:6      | Reached skill level 6 in Transmutations
  7008 | D:6      | Reached skill level 5 in Fighting
  7023 | D:6      | Noticed Sigmund
  7035 | D:6      | Killed Sigmund
  7065 | D:6      | Found a glowing silver altar of Zin.
  7548 | D:7      | Reached XP level 9. HP: 70/74 MP: 10/12
  7886 | D:7      | Reached skill level 5 in Dodging
  7972 | D:7      | Reached skill level 8 in Unarmed Combat
  7972 | D:7      | Reached skill level 7 in Transmutations
  8143 | D:7      | Reached skill level 6 in Fighting
  8286 | D:7      | Found an oddly glowing altar of Pakellas.
  8351 | D:7      | Found a radiant altar of Vehumet.
  8534 | D:8      | Noticed Erolcha
  8561 | D:8      | Killed Erolcha
  8561 | D:8      | Reached skill level 9 in Unarmed Combat
  8561 | D:8      | Reached skill level 8 in Transmutations
  8735 | D:8      | Found a shimmering altar of Xom.
  8744 | D:8      | Noticed Grum
  8781 | D:8      | Killed Grum
  8781 | D:8      | Reached XP level 10. HP: 49/84 MP: 13/13
  8873 | D:8      | Found a white marble altar of Elyvilon.
  9066 | D:8      | Reached ** piety under Ashenzari
  9154 | D:8      | HP: 20/84 [wasp (10)]
  9159 | D:8      | HP: 18/84 [poisoned by a soldier ant]
  9166 | D:8      | HP: 18/84 [poisoned by a soldier ant]
  9174 | D:8      | HP: 18/84 [poisoned by a soldier ant]
  9677 | D:8      | Reached skill level 7 in Fighting
  9723 | D:8      | HP: 20/86 [orc priest/divine providence (16)]
 10028 | D:8      | HP: 17/86 [orc warrior/glaive (21)]
 10033 | D:8      | HP: 21/86 [orc warrior/glaive (22)]
 10034 | D:8      | HP: 10/86 [orc warrior/glaive (11)]
 10441 | D:9      | Found Heish's Antique Weapon Shoppe.
 10544 | D:9      | Reached skill level 6 in Dodging
 10562 | D:9      | Reached skill level 9 in Transmutations
 10747 | D:9      | Reached skill level 10 in Unarmed Combat
 11048 | D:9      | Found a blossoming altar of Fedhas.
 11049 | D:9      | Found a snail-covered altar of Cheibriados.
 11663 | D:9      | Noticed a deep elf knight
 11673 | D:9      | HP: 4/86 [something/shard of ice (24)]
 11677 | D:9      | Killed from afar by a deep elf knight

Vault maps used:
D:1:      zelgadis_glass_arrival_small
D:2:      overflow_temple_1_default, lemuel_doored_altar, first_bread,
          guppyfry_early_orc_mine, uniq_iyjb, uniq_terence
D:3:      lemuel_crystal_altar, gup_sewer_entry_bowl, serial_co_window_serial,
          co_window_corner_a, co_window_paths_b, co_window_paths_a,
          co_window_paths_a, co_window_paths_b, co_window_corner_b,
          co_window_corner_ca, co_window_cross_4, co_window_of_opportunity_c,
          co_window_2corner, co_window_of_opportunity_c,
          co_window_unsneaky_path_d, glass_columns_a,
          nicolae_gozag_seed_capital, uniq_jessica, uniq_robin
D:4:      wad_pebble_path, grunt_dithmenos_shadows,
          lemuel_temple_firewalk_marked, uniq_eustachio, uniq_duvessa
D:5:      nicolae_overflow_hidden_temple, tgw_sif
D:6:      marbit_many_paths, nicolae_overflow_crystal_walls,
          lemuel_crystal_altar, serial_curves, eino_curves_04, eino_curves_03,
          uniq_sigmund
D:7:      grunt_pakellas_mercury, kennysheep_mini
D:8:      elyvilon_altar_4, kennysheep_mini_moat, hangedman_pestilent_swarm,
          uniq_grum, uniq_erolcha
D:9:      gammafunk_temple_overflow_statue, serial_shops, shop, bh_chokoban,
          st_stairs_3, minmay_misc_feat_diagonals, sword_in_stone
Temple:   circular_temple_6

Action                   |  1- 3 |  4- 6 |  7- 9 | 10-12 || total
-------------------------+-------+-------+-------+-------++-------
Melee: Unarmed           |   172 |   331 |   435 |   241 ||  1179
 Cast: Sticks to Snakes  |     2 |     4 |     8 |    14 ||    28
       Beastly Appendage |     1 |    10 |     6 |     7 ||    24
       Blade Hands       |       |       |       |     3 ||     3
 Abil: Breathe Sticky Fl |       |       |     9 |     7 ||    16
Evoke: Wand              |       |       |     1 |     2 ||     3
  Use: Potion            |       |     3 |       |     2 ||     5
       Scroll            |       |       |    13 |       ||    13
 Stab: Distracted        |       |       |       |     2 ||     2
  Eat: Chunk             |     1 |     9 |    15 |    14 ||    39
       Bread ration      |       |       |     1 |       ||     1
       Beef jerky        |       |       |       |     1 ||     1

Vault maps used:
D:1:      zelgadis_glass_arrival_small
D:2:      overflow_temple_1_default, lemuel_doored_altar, first_bread,
          guppyfry_early_orc_mine, uniq_iyjb, uniq_terence
D:3:      lemuel_crystal_altar, gup_sewer_entry_bowl, serial_co_window_serial,
          co_window_corner_a, co_window_paths_b, co_window_paths_a,
          co_window_paths_a, co_window_paths_b, co_window_corner_b,
          co_window_corner_ca, co_window_cross_4, co_window_of_opportunity_c,
          co_window_2corner, co_window_of_opportunity_c,
          co_window_unsneaky_path_d, glass_columns_a,
          nicolae_gozag_seed_capital, uniq_jessica, uniq_robin
D:4:      wad_pebble_path, grunt_dithmenos_shadows,
          lemuel_temple_firewalk_marked, uniq_eustachio, uniq_duvessa
D:5:      nicolae_overflow_hidden_temple, tgw_sif
D:6:      marbit_many_paths, nicolae_overflow_crystal_walls,
          lemuel_crystal_altar, serial_curves, eino_curves_04, eino_curves_03,
          uniq_sigmund
D:7:      grunt_pakellas_mercury, kennysheep_mini
D:8:      elyvilon_altar_4, kennysheep_mini_moat, hangedman_pestilent_swarm,
          uniq_grum, uniq_erolcha
D:9:      gammafunk_temple_overflow_statue, serial_shops, shop, bh_chokoban,
          st_stairs_3, minmay_misc_feat_diagonals, sword_in_stone
Temple:   circular_temple_6

Table legend:
 A = Turns spent in this place as a percentage of turns spent in the entire game.
 B = Non-inter-level travel turns spent in this place as a percentage of non-inter-level travel turns spent in the entire game.
 C = Inter-level travel turns spent in this place as a percentage of turns spent in this place.
 D = Turns resting spent in this place as a percentage of non-inter-level travel turns spent in this place.
 E = Turns spent auto-exploring this place as a percentage of non-inter-level travel turns spent in this place.
 F = Non-inter-level travel turns spent in this place divided by the number of levels of this place that you've seen.
                   A       B       C       D       E      F
               +-------+-------+-------+-------+-------+----------------------
         Total | 100.0 | 100.0 |   0.5 |   3.2 |   9.5 | 298.6
       Dungeon |  99.1 |  99.1 |   0.5 |   3.3 |   9.4 | 328.9
        Temple |   0.9 |   0.9 |   3.7 |   0.0 |  26.9 |  26.0
               +-------+-------+-------+-------+-------+----------------------

Table legend:
 A = Kills in this place as a percentage of kills in entire the game.
 B = Kills by you in this place as a percentage of kills by you in the entire game.
 C = Kills by friends in this place as a percentage of kills by friends in the entire game.
 D = Other kills in this place as a percentage of other kills in the entire game.
 E = Experience gained in this place as a percentage of experience gained in the entire game.
 F = Experience gained in this place divided by the number of levels of this place that you have seen.
                   A       B       C       D       E      F
               +-------+-------+-------+-------+-------+----------------------
         Total | 100.0 | 100.0 | 100.0 |  -nan | 100.0 | 884.4
       Dungeon | 100.0 | 100.0 | 100.0 |  -nan | 100.0 | 982.7
               +-------+-------+-------+-------+-------+----------------------
